 Dungeon Crawl Stone Soup version 0.25-a0-287-g56a5b49892 (webtiles) character file.

Game seed: 6544692941545560903, levelgen mode: deterministic

398 MoonlitKnight the Shield-Bearer (level 6, 0/56 HPs)
             Began as a Minotaur Fighter on Dec 12, 2019.
             Slain by a quasit (1 damage)
             ... summoned by Eustachio
             ... on level 4 of the Dungeon.
             The game lasted 00:04:09 (2135 turns).

MoonlitKnight the Shield-Bearer (Minotaur Fighter)  Turns: 2135, Time: 00:04:10

Health: 0/56       AC:  7    Str: 23    XL:     6   Next: 53%
Magic:  5/5        EV:  8    Int:  5    God:
Gold:   176        SH: 10    Dex:  9    Spells: 5/5 levels left

rFire    . . .     SeeInvis .   a - +0 long sword
rCold    . . .     Gourm    .   c - +0 shield
rNeg     . . .     Faith    .   b - +0 scale mail
rPois    .         Spirit   .   (helmet restricted)
rElec    .         Reflect  .   (no cloak)
rCorr    .         Harm     .   (no gloves)
MR       .....                  (no boots)
Stlth    ..........             (no amulet)
HPRegen  0.18/turn              (no ring)
MPRegen  0.09/turn              (no ring)

@: no status effects
A: retaliatory headbutt, horns 2
a: no special abilities


You were on level 4 of the Dungeon.
You were not hungry.

You visited 1 branch of the dungeon, and saw 4 of its levels.

You collected 176 gold pieces.

Inventory:

Hand Weapons
 a - a +0 long sword (weapon)
 s - a +0 hunting sling
Missiles
 m - 2 curare-tipped darts (quivered)
 u - 8 poisoned darts
Armour
 b - a +0 scale mail (worn)
 c - a +0 shield (worn)
Scrolls
 e - a scroll of identify {unknown}
 i - a scroll of fog {unknown}
 k - a scroll of teleportation {unknown}
 r - a scroll of enchant armour {unknown}
 t - 2 scrolls of random uselessness {unknown}
 v - a scroll of remove curse {unknown}
 w - a scroll of enchant weapon {unknown}
Potions
 d - a potion of might
 h - a potion of haste {unknown}
 j - 2 potions of flight {unknown}
 l - 2 potions of brilliance {unknown}
 n - 3 potions of degeneration {unknown}
 o - 4 potions of curing {unknown}
 p - 2 potions of agility {unknown}
 q - 2 potions of magic {unknown}
Comestibles
 f - 3 rations
 g - a chunk of flesh


   Skills:
 + Level 5.4 Fighting
 + Level 4.7 Long Blades
 + Level 5.4 Armour
 + Level 5.4 Shields


You had 5 spell levels left.
You didn't know any spells.
Your spell library was empty.

Dungeon Overview and Level Annotations

Branches:
Dungeon (4/15)
 Temple: D:4-7

Altars:
Cheibriados
Dithmenos
Hepliaklqana

Annotations:
D:4 Eustachio


Innate Abilities, Weirdness & Mutations

You reflexively headbutt those who attack you in melee.
You have a pair of horns on your head.


Message History

* * * LOW HITPOINT WARNING * * *
You block the quasit's attack.
The quasit claws you but does no damage. x2
You block the shadow imp's attack.
You barely miss the shadow imp. The quasit bites you.
* * * LOW HITPOINT WARNING * * *
The quasit closely misses you. x2
The shadow imp hits you but does no damage.
You block the quasit's attack. x2
The quasit claws you but does no damage.
You closely miss the shadow imp. The quasit bites you.
* * * LOW HITPOINT WARNING * * *
The quasit claws you but does no damage. x2
The shadow imp barely misses you.
The quasit bites you but does no damage.
You block the quasit's attack.
The quasit claws you but does no damage.
You hit the shadow imp but do no damage.
You block the shadow imp's attack. The quasit bites you.
You die...

.. #..# ...
...#######.## ##....
............##_#....
.?##...##.w#≈≈≈....
##....#..≈≈≈≈≈...
##...#..#)≈≈.≈≈...
##..###..##≈≈≈≈≈...
.......#..##.≈≈≈....
..##...##@#...@.....
. #..#.55....#.##.
#.<..@.....###
#.....##.###
##.#.##### ...###
...## .!.# ...


You could see Eustachio, a quasit and a shadow imp.

Vanquished Creatures
  A hippogriff (D:3)
  An ogre (D:4)
  An orc priest (D:3)
  A worker ant (D:3)
  3 adders
  An ooze (D:1)
  3 dart slugs
  A leopard gecko (D:1)
  6 orcs (D:3)
  A bat (D:3)
  10 goblins
  2 hobgoblins (D:1)
  2 jackals (D:2)
  2 frilled lizards (D:1)
  3 kobolds
  6 rats
44 creatures vanquished.

Notes
Turn   | Place    | Note
-------+----------+-------------------------------------------
     0 | D:1      | MoonlitKnight the Minotaur Fighter began the quest for the
                  | Orb.
     0 | D:1      | Reached XP level 1. HP: 19/19 MP: 0/0
    90 | D:1      | Reached XP level 2. HP: 23/27 MP: 1/1
   749 | D:2      | Reached XP level 3. HP: 33/33 MP: 2/2
   806 | D:2      | You fall into a shaft and drop 1 floor!
  1015 | D:3      | Reached XP level 4. HP: 17/40 MP: 3/3
  1418 | D:3      | Noticed a hippogriff
  1426 | D:3      | Killed a hippogriff
  1426 | D:3      | Reached skill level 5 in Fighting
  1426 | D:3      | Reached skill level 5 in Armour
  1426 | D:3      | Reached skill level 5 in Shields
  1426 | D:3      | Reached XP level 5. HP: 30/48 MP: 4/4
  1426 | D:3      | Reached XP level 6. HP: 35/56 MP: 5/5
  1691 | D:3      | Found a shadowy altar of Dithmenos.
  1863 | D:3      | Found a hazy altar of Hepliaklqana.
  2089 | D:4      | Found a snail-covered altar of Cheibriados.
  2092 | D:4      | Noticed Eustachio
  2134 | D:4      | HP: 1/56 [quasit[Eustachio] (2)]
  2135 | D:4      | Slain by a quasit

Levels and vault maps discovered:
D:1:      dpeg_arrival_boxes_within_box, layout_basic
D:2:      layout_loops_ring, chequers_ecumenical_altar_lobes, first_ration,
          uniq_natasha, uniq_crazy_yiuf_cottage
D:3:      layout_basic, lemuel_crystal_altar, grunt_dithmenos_smoke_and_mirrors
D:4:      layout_cave_pools, kennysheep_slug_shrine, uniq_eustachio, uniq_edmund

Skill      XL: |  1  2  3  4 |
---------------+-------------+-----
Armour         | 4 5 |  5.4
Shields        | 4 5 |  5.4
Fighting       | 4 5 |  5.4
Long Blades    | 3 4 |  4.7

Action                   |  1- 3 |  4- 6 || total
-------------------------+-------+-------++-------
Melee: Long sword        |    72 |    64 ||   136
       Headbutt          |    12 |    12 ||    24
  Eat: Chunk             |       |     4 ||     4
Armor: Scale mail        |    29 |    34 ||    63
Dodge: Dodged            |    21 |    36 ||    57
Block: Shield            |    33 |    58 ||    91
       Rpst.: Long sword |     3 |     9 ||    12

Table legend:
 A = Non-vault XP
 B = Vault XP
 C = Vault XP percentage of total XP
 D = Non-vault monster count
 E = Vault monster count
 F = Vault count percentage of total count
                 A         B        C        D         E       F
            +---------+---------+-------+---------+---------+-------
      Total |     565 |       4 |   0.7 |      43 |       1 |   2.3
            +---------+---------+-------+---------+---------+-------
        D:1 |      27 |       0 |   0.0 |      13 |       0 |   0.0
        D:2 |      29 |       0 |   0.0 |       9 |       0 |   0.0
        D:3 |     379 |       0 |   0.0 |      20 |       0 |   0.0
        D:4 |     130 |       4 |   3.0 |       1 |       1 |  50.0
            +---------+---------+-------+---------+---------+-------
